Cogmind - Beta 15 @@@ ROGUE MODE // 2025.07.24 @ 20:12:05 Player: Solshine Result: Destroyed by S-10 Pest with Light Assault Rifle Performance ------------- Evolutions (0) 0 Regions Visited (2) 400 Robots Destroyed (9) 45 Value Destroyed (132) 132 Prototype IDs (0) 0 Alien Tech Used (0) 0 Bonus (0) 0 TOTAL SCORE: 577 Bonus ------- None Cogmind --------- Core Integrity 0/250 Matter 279/300 Energy 100/100 System Corruption 0% Temperature Cool (0) Movement Core (50) Location -10/Mines Parts ------- > --- POWER (1) -------- (None) > --- PROPULSION (2) --- (None) > --- UTILITY (2) ------ (None) > --- WEAPON (2) ------- Assault Rifle > --- INVENTORY (5) ---- Light Ion Engine Medium Laser Light Assault Rifle Peak State ------------ > --- POWER ------------ Light Ion Engine > --- PROPULSION ------- Flight Unit Flight Unit > --- UTILITY ---------- Improved Heat Sink Improved Terrain Scanner > --- WEAPON ----------- Light Assault Rifle Light Assault Rifle > --- INVENTORY -------- Light Ion Engine Medium Laser Assault Rifle [Rating: 11] Favorites ----------- Power Light Ion Engine Engine Light Ion Engine Propulsion Compact Wheel Wheel Compact Wheel Flight Unit Flight Unit Utility Improved Terrain Scanner Device Improved Terrain Scanner Storage Small Storage Unit Weapon Light Assault Rifle Energy Gun Medium Laser Ballistic Gun Light Assault Rifle Build | -11 -10 -10 ------- Run | Yrd Mat Min Slots Evolved . | . . . Power . | . . . Propulsion . | . . . Utility . | . . . Weapon . | . . . Parts Attached 16 | 8 7 1 Power 2 | 1 1 . Engine 2 | 1 1 . Core . | . . . Reactor . | . . . Propulsion 5 | 2 3 . Treads . | . . . Leg . | . . . Wheel 3 | 2 1 . Hover . | . . . Flight 2 | . 2 . Utility 4 | 2 1 1 Device 3 | 1 1 1 Storage 1 | 1 . . Processor . | . . . Hackware . | . . . Protection . | . . . Artifact . | . . . Weapon 5 | 3 2 . Energy Gun 1 | 1 . . Energy Cannon . | . . . Ballistic Gun 4 | 2 2 . Ballistic Cannon . | . . . Launcher . | . . . Special Weapon . | . . . Impact Weapon . | . . . Slashing Weapon . | . . . Piercing Weapon . | . . . Special Melee Weapon . | . . . Unidentified Prototypes . | . . . Parts Lost 8 | . 2 6 Power 1 | . . 1 Propulsion 4 | . 2 2 Utility 2 | . . 2 Weapon 1 | . . 1 Highest Loss Streak 6 | . 1 6 To Critical Strikes . | . . . Average Backups 3 | 3 3 3 Power 1 | 1 1 1 Propulsion 1 | 1 1 . Utility . | . . . Weapon 1 | 1 1 2 Tool/Special . | . . . Unused Backups 3 | 2 1 . Power 1 | 1 . . Propulsion 1 | . 1 . Utility 1 | 1 . . Weapon . | . . . Tool/Special . | . . . Average Slot Usage (%) 95 | . 97 84 Engine 13 | . 14 10 Wheel 14 | . 18 . Flight 10 | . 7 21 Device 19 | . 17 24 Storage 8 | . 10 . Energy Gun 6 | . 7 . Ballistic Gun 21 | . 20 24 Peak Build Rating 11 | 9 11 11 Average Rating 8 | 8 9 8 On Entrance 6 | . 9 11 Naked Turns . | . . . Heaviest Build 12 | 12 12 8 Greatest Support 32 | 26 32 8 Greatest Overweight (x) 1 | . . 1 Average Overweight (x) . | . . . Largest Inventory Capacity 8 | 8 8 5 Average Capacity 7 | 7 7 5 Most Carried 6 | 5 6 4 Average Carried 3 | 3 3 3 Final Capacity 8 | 8 5 5 Final Carried 4 | 4 3 3 Class Distribution -------------------- 93% | Mutant 6% | Scavenger-Mutant Dominant Class ---------------- Mutant | -10/Materials Scavenger-Mutant | -10/Mines Resources | -11 -10 -10 ----------- Run | Yrd Mat Min Matter Collected 379 | 297 82 . Remotely . | . . . Salvage Created 309 | 160 149 . Parts 16 | 8 8 . Haulers Intercepted . | . . . Recyclers Shooed . | . . . Parts Field Recycled . | . . . Retrieved Matter . | . . . Parts Self-Destructed . | . . . Prevented . | . . . Kills | -11 -10 -10 ------- Run | Yrd Mat Min Combat Hostiles Destroyed 5 | . 5 . Guns 5 | . 5 . Classes Destroyed 5 | 3 2 . Worker 1 | 1 . . Tunneler 2 | 2 . . Recycler 1 | 1 . . Swarmer 3 | . 3 . Grunt 2 | . 2 . Best Kill Streak 3 | 2 3 . Combat Bots Only 3 | . 3 . Max Kills in Single Turn 1 | 1 1 . Gunslinging . | . . . Exploded . | . . . Melee . | . . . Uniques/NPCs Destroyed . | . . . Combat | -11 -10 -10 -------- Run | Yrd Mat Min Hostile Shots Fired 133 | . 100 33 Missed 48 | . 37 11 Hits 85 | . 63 22 Projectile 85 | . 63 22 Critical Strikes 3 | . 3 . Damage Taken 754 | . 562 192 Core 257 | . 171 86 Absorbed by Shields . | . . . Core Remaining (%) 100 | 100 . . Volleys Fired 41 | 19 22 . Largest 2 | 2 2 . Hottest 70 | 70 70 . Shots Fired 80 | 36 44 . Gun 80 | 36 44 . Cannon . | . . . Launcher . | . . . Special . | . . . Kinetic 52 | 17 35 . Thermal 28 | 19 9 . Explosive . | . . . Electromagnetic . | . . . Robot Hit Streak 8 | 6 8 . Robot Miss Streak 3 | 3 2 . Penetration Max . | . . . Secondary Targets . | . . . Shots Hit Robots 53 | 21 32 . Core Hits 16 | 6 10 . Critical Kills . | . . . Critical Parts Destroyed . | . . . Critical Strikes 2 | 1 1 . Burn 2 | 1 1 . Melee Attacks . | . . . Impact . | . . . Slashing . | . . . Piercing . | . . . Sneak Attacks . | . . . Combat Hostiles . | . . . Follow-up Attacks . | . . . Damage Inflicted 491 | 205 285 1 Guns 490 | 205 285 . Cannons . | . . . Explosions . | . . . Melee . | . . . Ramming 1 | . . 1 Kinetic 291 | 95 196 . Thermal 199 | 110 89 . Explosive . | . . . Electromagnetic . | . . . Impact . | . . . Slashing . | . . . Piercing . | . . . Highest Corruption . | . . . Average Corruption . | . . . Corruption Purged . | . . . Corruption Blocked . | . . . Overload Shots . | . . . Overflow Damage . | . . . Projectiles . | . . . Explosions . | . . . Melee . | . . . Knockbacks . | . . . Impact . | . . . Kinetic . | . . . Secondary . | . . . Self-Inflicted Damage . | . . . Shots . | . . . Rammed 1 | . . 1 Targets Rammed 1 | . . 1 Kicked . | . . . Crushed . | . . . Highest Temperature 150 | 80 150 . Average Temperature 43 | 36 50 . Received Heat Transfer 102 | . 102 . Siege Activations . | . . . Martial Activations . | . . . Shielding Activations . | . . . Robots Disrupted . | . . . Combat Hostiles . | . . . Robots Corrupted . | . . . Combat Hostiles . | . . . Parts Fried . | . . . Impact Corruptions . | . . . Robots Melted . | . . . Combat Hostiles . | . . . Parts Melted 2 | 2 . . Heat Transferred 740 | 407 333 . Parts Sabotaged . | . . . Parts Stolen . | . . . Parts Stripped . | . . . Power Chain Reactions . | . . . Alert | -11 -10 -10 ------- Run | Yrd Mat Min Maximum Alert Level . | . . . Low Security (%) 100 | 100 100 100 Level 1 . | . . . Level 2 . | . . . Level 3 . | . . . Level 4 . | . . . Level 5 . | . . . High Security . | . . . Max Security . | . . . Peak Influence 105 | 5 105 52 Initial 42 | . . 42 Average 4 | . 32 29 Influence Increases 305 | 20 255 30 Destroy 0b10 Robot/C 100 | . 100 . Destroy 0b10 Robot/NC 20 | 20 . . Destroy Leader 20 | . 20 . Partial Spotted 15 | . 15 . Lose Combat Pursuer 150 | . 120 30 Influence Decreases 305 | 20 145 140 Entered New Map 68 | . . 68 Time Decay 180 | 20 130 30 Lost Part 57 | . 15 42 Squads Dispatched . | . . . Investigation . | . . . Extermination . | . . . Reinforcement . | . . . Assault . | . . . Garrison . | . . . Intercept . | . . . Searches Triggered . | . . . Construction Impeded . | . . . Haulers Reinforced . | . . . Active Scanning Responses . | . . . Cargo Convoy Interrupts . | . . . Stealth | -11 -10 -10 --------- Run | Yrd Mat Min Distress Signals 1 | . 1 . Communications Jammed . | . . . Distress Signals . | . . . Times Spotted 22 | . 17 5 Peak Tracking Total 5 | . 5 3 Tactical Retreats 5 | . 4 1 Traps | -11 -10 -10 ------- Run | Yrd Mat Min Traps Triggered . | . . . Indirectly . | . . . Trap Hack Attempts . | . . . Triggered . | . . . Disarmed . | . . . Reprogrammed . | . . . Reused . | . . . Traps Extracted . | . . . Installed . | . . . Triggered . | . . . Machines | -11 -10 -10 ---------- Run | Yrd Mat Min Machines Disabled . | . . . Max in Single Turn . | . . . Machines Repaired . | . . . Machines Dismantled . | . . . Machines Sabotaged . | . . . Overloaded Fab Kills . | . . . Hacking | -11 -10 -10 --------- Run | Yrd Mat Min Machines Accessed . | . . . Terminals . | . . . Fabricators . | . . . Repair Stations . | . . . Recycling Units . | . . . Scanalyzers . | . . . Garrison Access . | . . . Total Hacks . | . . . Successful . | . . . Failed . | . . . Catastrophic . | . . . Database Lockouts . | . . . Manual . | . . . Terminals . | . . . Fabricators . | . . . Repair Stations . | . . . Recycling Units . | . . . Scanalyzers . | . . . Garrison Access . | . . . Terminal Hacks . | . . . Fabricator Hacks . | . . . Repair Station Hacks . | . . . Recycling Unit Hacks . | . . . Scanalyzer . | . . . Garrison Access Hacks . | . . . Unauthorized Hacks . | . . . Terminals . | . . . Fabricators . | . . . Repair Stations . | . . . Recycling Units . | . . . Scanalyzers . | . . . Garrison Access . | . . . Data Cores Recovered . | . . . Used . | . . . Hacking Detections . | . . . Full Trace Events . | . . . Feedback Events . | . . . Feedback Blocked . | . . . Robot Schematics Acquired . | . . . Robots Built . | . . . Authchips . | . . . Time . | . . . Total Robot Build Rating . | . . . Part Schematics Acquired . | . . . Parts Built . | . . . Authchips . | . . . Time . | . . . Total Part Build Rating . | . . . Parts Repaired . | . . . Time . | . . . Parts Recycled . | . . . Recycled Matter . | . . . Retrieved Matter . | . . . Retrieved Components . | . . . Parts Scanalyzed . | . . . Part Schematics Acquired . | . . . Parts Damaged . | . . . Bothacking | -11 -10 -10 ------------ Run | Yrd Mat Min Used RIF Installer . | . . . Robots Hacked . | . . . Non-combat . | . . . Combat . | . . . Robot Hacks Applied . | . . . Relay Couplers Released . | . . . Fabnet Peak Effective % . | . . . Robots Rewired . | . . . Allies Hacked . | . . . Hacks Repelled . | . . . Allies | -11 -10 -10 -------- Run | Yrd Mat Min Total Allies . | . . . Largest Group . | . . . Highest-Rated Group . | . . . Highest-Rated Ally . | . . . Total Orders . | . . . Ally Attacks . | . . . Total Damage . | . . . Kills . | . . . Allies Corrupted . | . . . Allies Melted . | . . . Intel | -11 -10 -10 ------- Run | Yrd Mat Min Active Infowar (turns) 2866 | 2436 361 69 Terrain 2826 | 2436 361 29 Seismic 40 | . . 40 Robot Analysis Total . | . . . Derelict Logs Recovered . | . . . Drone Launches . | . . . Drone Recoveries . | . . . Exploration | -11 -10 -10 ------------- Run | Yrd Mat Min Turns Passed 3009 | 2575 361 73 Spaces Moved 1288 | 764 388 136 Core 17 | 12 . 5 Treads . | . . . Legs . | . . . Wheels 918 | 752 166 . Hover . | . . . Flight 353 | . 222 131 Fastest Speed 37 | 50 37 37 Average Speed 75 | 89 60 39 Slowest Speed 120 | 90 100 120 Overloaded Moves . | . . . Propulsion Burnouts . | . . . Robots Hopped 5 | . 5 . Potential Cave-ins . | . . . Cave-ins Triggered . | . . . Exploration Rate (%) 47 | 66 44 31 Regions Visited 2 Branch Regions 1 Pre-discovered Areas . | . . . Known Exits Taken . | . . . Unknown Exits Taken 2 | 1 1 . Scrap Searched . | . . . Spaces Dug . | . . . Terrain Destroyed . | . . . Melee . | . . . Projectile . | . . . AOE . | . . . Terrain Rammed . | . . . Walls Destroyed . | . . . Machines Disabled . | . . . Actions | -11 -10 -10 --------- Run | Yrd Mat Min Total 3247 | 2624 469 154 Wait 1878 | 1818 47 13 Move 1276 | 763 377 136 Hop 5 | . 5 . Pick Up 19 | 13 5 1 Fast Attach . | . . . Attach 12 | 8 4 . Detach 1 | 1 . . Swap 7 | . 5 2 Drop 7 | 2 4 1 Fire 41 | 19 22 . Melee . | . . . Ram 1 | . . 1 Kick . | . . . Crush . | . . . Escape Stasis . | . . . Rewire . | . . . Trap . | . . . Miscellaneous . | . . . Route ------- -11/Scrapyard -10/Materials -10/Mines History --------- Turn | Location | Event 8 | -11/Scrapyard | Discovered new exit (range 16) 2576 | -11/Scrapyard | Entered Materials 2577 | -10/Materials | Build established: Mutant 2865 | -10/Materials | Core integrity fell below 50% 2935 | -10/Materials | Discovered new exit (range 6) 2937 | -10/Materials | Entered Mines 2998 | -10/Mines | Core integrity fell below 20% 3010 | -10/Mines | Destroyed by S-10 Pest with Light Assault Rifle Last Messages --------------- Dropped Com. Wheel. Dropped Sml. Storage Unit. Acquired 15 matter. K-01 Serf collects debris. W-16 Scout sends out distress signal. Connecting with Terminal... Current location identified: Materials EXIT=FOUND LOCATION=UNKNOWN GOAL=ESCAPE T-07 Excavator is excavating. Acquired Seismic Detector. Dropped Imp. Terrain Scanner. Lgt. Ion Engine destroyed. Flight Unit destroyed. Lgt. Assault Rifle destroyed. Slammed into S-10 Pest. Imp. Heat Sink destroyed. S-10 Pest destroyed. Seismic Detector destroyed. Map ----- +----------------------------------------------------+ | ??????????????????????????????????????????? | | ??????????????????????????????????????????? | | ??????????????????????????????????????????? | | ??????????????????????????????????????????? | | ??????????????????????????????????????????? | | ??????????????????????????????????????????? | | ??????????????????????????????????????????? | | ??????????????????????????????????????????? | | ??????????????????????????????????????????? | | ??????????????????????????????????????????? | | ??????????????????????????????????????????? | | ??????????????????????????????????????????? | | ??????????????????????????????????????????? | | ??????????????????????????????????????????? | | ??????????????????????????????????????????? | | ??????? ??????????????????###?????????????? | | ??????? ???????????????## ##????????????? | | ??????? ?????????????## #????????????? | | ??????? ????????????## #????????????? | | ??????# #???????????# ##????????????? | | ????## ????????????# ##?????????????? | | ????# #????????????# #??????????????? | | ???## ?????????????# #??????????????? | | #### ?????????????# * #??????????????? | | ??????????????#s%[#??? ### ##???? | | ????############s@ ## #???? | | #????# #???? | | ##???# #??? | | ##### ########## !!! #?? | | #???????# !!! ##?? | | #??????# !!!! ###??? | | # ## #####??????# !!!! ##????? | | #### ### #??????????# ##?????? | | ???# ### #??????????## #########??????? | | ???# ## #???????????#####??????????????? | | ?#?# ## #??????????????????????????????? | | ???# ###?????????????????????????????? | | ???#### ###########??????????????????????? | | ####### #??????????????????????? | | ######### #??????????????????????? | | ###### ######### #????????????###???????? | | ?????# ### ## ############# #???????? | | ????## ## ! ! ## #???????? | | ???## ################ ##???????? | | ???# ####?????????????## ###??????#? | | ???# ! ##??????????????### # #???????? | | ???# #??????????????## #???????? | | ???# #?????????????## ##???????? | | ???# ### ##?????????????# ##????????? | | ???# #?####??????????????# #?????????? | +----------------------------------------------------+ Best States ------------- Heat Dissipation 39 Energy Generation 10 Energy Capacity 125 Matter Stores 300 Matter Capacity 300 Sight Range 16 Terrain Scan Range 16 Terrain Scan Density 10 Evasion (%) 62 Item Schematics ----------------- None Robot Schematics ------------------ None Fabricated ------------ Nothing Repaired ---------- Nothing Alien Tech Used ----------------- None Achievements -------------- None Challenges ------------ None Game ------ Seed TractorProcessingDoomcannon Manual? 0 Play Time 00:14:02 Cumulative 6.1 hours Start 2025.07.24 @ 19:57:38 End 2025.07.24 @ 20:12:05 Sessions 1 Manual Loads 0 Difficulty Rogue Special Mode None Game No. 13 Rogue 13 Adventurer 0 Explorer 0 Win Type - Total 0 Types 0/0/0/0/0/0/0/0/0/0 Lore% 4 Gallery% 9 Achievement% 10 Wizard Run 0 Options --------- Layout 1 ASCII 0 Keyboard 0 Movement Numpad Keybinds 0 Fullscreen 1 Font 24/Smallcaps Map View 50x35 Zoom Use 0% Tactical HUD 0 Map Filters NONE Filters NONE Steam 1 RUN: 567d1033-1161-483d-89cf-d03155651e04